 Dungeon Crawl Stone Soup version 0.23.0 (webtiles) character file.

Game seed: 10433668866587454460

5193 goblindog the Bludgeoner (level 10, -12/78 HPs)
             Began as a Minotaur Fighter on Feb 17, 2019.
             Was an Elder of Trog.
             Killed by divine providence
             ... invoked by an orc priest
              (14 damage)
             ... on level 9 of the Dungeon.
             The game lasted 00:38:51 (7388 turns).

goblindog the Bludgeoner (Minotaur Fighter)         Turns: 7388, Time: 00:38:52

Health: -12/78     AC: 16    Str: 21    XL:     10   Next: 34%
Magic:  9/9        EV:  5    Int:  5    God:    Trog [****..]
Gold:   313        SH: 10    Dex: 13    Spells: 9/9 levels left

rFire    . . .     SeeInvis .   d - +3 morningstar
rCold    . . .     Gourm    .   c - +0 shield
rNeg     . . .     Faith    .   E - +0 plate armour
rPois    .         Spirit   .   (helmet restricted)
rElec    .         Reflect  .   v - +1 cloak {MR+}
rCorr    .         Harm     +   s - +0 pair of gloves
MR       +....                  (no boots)
Stlth    ..........             p - amulet of harm
HPRegen  0.23/turn              h - +1 ring of protection
MPRegen  0.11/turn              (no ring)

@: no status effects
A: retaliatory headbutt, horns 2
a: Berserk, Trog's Hand, Brothers in Arms, Renounce Religion


You were on level 9 of the Dungeon.
You worshipped Trog.
Trog was greatly pleased with you.
You were not hungry.

You visited 1 branch of the dungeon, and saw 9 of its levels.

You collected 313 gold pieces.

Inventory:

Hand Weapons
 a - a +0 flail
 d - a +3 morningstar (weapon)
 o - a +2 flail of draining
 t - a +0 flail
 u - a +4 quarterstaff of chaos
 w - a +0 mace
 z - a +0 battleaxe
 H - a +0 dire flail
Armour
 b - a +0 scale mail
 c - a +0 shield (worn)
 e - a +0 cloak
 i - a +0 ring mail
 s - a +0 pair of gloves (worn)
 v - a +1 cloak of magic resistance (worn)
 E - a +0 plate armour (worn)
 F - a +0 ring mail of cold resistance
 L - a +0 naga barding
Jewellery
 h - a +1 ring of protection (left hand)
 p - an amulet of harm (around neck)
Wands
 C - a wand of acid (9)
Scrolls
 j - a scroll of blinking
 k - 2 scrolls of teleportation
 n - 3 scrolls of remove curse
 x - 2 scrolls of amnesia
 y - 2 scrolls of magic mapping
 A - a scroll of random uselessness {unknown}
 D - a scroll of immolation
 I - a scroll of fog {unknown}
Potions
 g - a potion of berserk rage
 l - 2 potions of brilliance
 m - a potion of lignification {unknown}
 q - 2 potions of mutation {unknown}
 r - a potion of flight
 B - a potion of resistance {unknown}
 G - a potion of might
 J - a potion of heal wounds {unknown}
Comestibles
 f - 7 rations


   Skills:
 - Level 3.6 Fighting
 - Level 16.2 Maces & Flails
 + Level 5.0 Armour
 * Level 2.8 Dodging
 + Level 1.3 Stealth
 + Level 4.6 Shields


You had 9 spell levels left.
You didn't know any spells.
Your spell library contained the following spells:

 Spells                   Type           Power        Failure   Level  Hunger
 Infusion                 Chrm           #...         100%        1    ##.....
 Shroud of Golubria       Chrm/Tloc      #.........   100%        2    ###....
 Song of Slaying          Chrm           #.......     100%        2    ###....
 Regeneration             Chrm/Necr      #.........   100%        3    ####...
 Spectral Weapon          Hex/Chrm       #.......     100%        3    ####...
 Cause Fear               Hex            #.........   100%        4    #####..
 Silence                  Hex/Air        #.........   100%        5    ######.
 Yara's Violent Unravell  Hex/Tmut       #.........   100%        5    ######.
 Deflect Missiles         Chrm/Air       #.........   100%        6    #######
 Discord                  Hex            #.........   100%        8    #######


Dungeon Overview and Level Annotations

Branches:
Dungeon (9/15)             Temple (0/1) D:7
   Lair: D:8-11         Orc: D:9-12

Altars:
Ashenzari
Dithmenos
Hepliaklqana
Sif Muna
Trog

Shops:
D:6 =


Innate Abilities, Weirdness & Mutations

You reflexively headbutt those who attack you in melee.
You have a pair of horns on your head.


Message History

The electric eel shoots out a bolt of lightning at you!
The bolt of electricity hits you!
A troll comes into view.
The troll shouts!
You hear a bark!
The electric eel shoots out a bolt of lightning at you!
The bolt of electricity hits you!
The electric eel shoots out a bolt of lightning at you!
The bolt of electricity hits you! x2
* * * LOW HITPOINT WARNING * * *
The orc priest invokes the aid of Beogh against you.
Beogh smites you!
* * * LOW HITPOINT WARNING * * *
You feel better.
The orc priest casts a cantrip, but nothing happens.
The electric eel shoots out a bolt of lightning at you!
The bolt of electricity hits you.
* * * LOW HITPOINT WARNING * * *
The orc priest calls down the wrath of Beogh upon you.
Beogh smites you!
You die...

###.#### #.....# #.
#......###.#.#)###.
###.#.##.......)).##.
#.....>..###......##.
#.#.#....###..#...##.
####.#.###..##.>.#...##.
#...........##.#####....
###.##......).##...#...##.
##.......#@##.###.#.#...##.
.......T......# #.#...#.##.
......T..#..#.# #.#........
...≈.....)....# #.......###
.≈.≈≈...##o.### ###...###
.≈.≈≈;........ #...#
.≈≈≈≈≈...#...#. #...#
.≈≈≈≈≈......... ......
.≈≈≈≈.......... .......


You could see 2 trolls, an electric eel and an orc priest.

Vanquished Creatures
  A two-headed ogre (D:8)
  Grinder (D:4)
  Eustachio (D:4)
  3 ice beasts
  An orc warrior (D:8)
  3 sky beasts
  2 ogres
  A necrophage (D:5)
  6 centaurs
  Blork the orc (D:5)
  7 bullfrogs
  A water moccasin skeleton (D:8)
  A scorpion (D:6)
  4 wights (D:8)
  7 howler monkeys
  3 crimson imps
  A centaur zombie (D:6)
  5 hounds
  2 jellies
  Crazy Yiuf (D:3)
  2 bullfrog zombies
  A bullfrog skeleton (D:6)
  11 orc priests
  A centaur skeleton (D:4)
  Jessica (D:2)
  2 iguanas
  12 orc wizards
  6 worker ants
  A howler monkey zombie (D:7)
  2 worker ant zombies (D:5)
  Robin (D:2)
  10 gnolls
  12 adders
  An ooze (D:3)
  4 adder skeletons
  A worm (D:2)
  A dart slug (D:5)
  6 leopard geckos
  32 orcs
  8 bats
  2 giant cockroaches
  13 goblins
  13 hobgoblins
  6 jackals
  4 quokkas
  9 frilled lizards
  A jackal skeleton (D:8)
  9 kobolds
  A quokka zombie (D:7)
  11 rats
  A fungus (D:3)
237 creatures vanquished.

Notes
Turn   | Place    | Note
-------+----------+-------------------------------------------
     0 | D:1      | goblindog the Minotaur Fighter began the quest for the Orb.
     0 | D:1      | Reached XP level 1. HP: 19/19 MP: 0/0
   128 | D:1      | Reached skill level 3 in Maces & Flails
   311 | D:1      | Reached XP level 2. HP: 27/27 MP: 1/1
   604 | D:2      | Noticed Jessica
   614 | D:2      | Killed Jessica
   614 | D:2      | Reached skill level 4 in Maces & Flails
   614 | D:2      | Reached XP level 3. HP: 31/33 MP: 2/2
   632 | D:2      | Noticed Robin
   670 | D:2      | Killed Robin
   670 | D:2      | Reached skill level 5 in Maces & Flails
   670 | D:2      | Reached XP level 4. HP: 22/40 MP: 3/3
  1521 | D:2      | Reached skill level 6 in Maces & Flails
  1672 | D:2      | Found a shadowy altar of Dithmenos.
  1676 | D:2      | Reached XP level 5. HP: 46/46 MP: 4/4
  1677 | D:2      | Found a shattered altar of Ashenzari.
  2129 | D:3      | Reached skill level 7 in Maces & Flails
  2348 | D:3      | Found a runed translucent door.
  2350 | D:3      | Noticed Crazy Yiuf
  2541 | D:3      | Killed Crazy Yiuf
  2616 | D:4      | Reached XP level 6. HP: 44/52 MP: 5/5
  2685 | D:4      | Reached skill level 8 in Maces & Flails
  3301 | D:4      | Found a bloodstained altar of Trog.
  3308 | D:4      | Became a worshipper of Trog the Wrathful
  3395 | D:4      | Noticed Eustachio
  3401 | D:4      | Reached skill level 9 in Maces & Flails
  3401 | D:4      | Reached XP level 7. HP: 53/58 MP: 6/6
  3414 | D:4      | Killed Eustachio
  3473 | D:4      | Noticed Grinder
  3480 | D:4      | Killed Grinder
  3480 | D:4      | Reached skill level 10 in Maces & Flails
  3527 | D:5      | Entered Level 5 of the Dungeon
  3527 | D:5      | Found a deep blue altar of Sif Muna.
  3527 | D:5      | Noticed Blork the orc
  3545 | D:5      | Killed Blork the orc
  3584 | D:6      | Reached skill level 11 in Maces & Flails
  3584 | D:6      | Reached XP level 8. HP: 66/66 MP: 7/7
  3615 | D:6      | Found a hazy altar of Hepliaklqana.
  3629 | D:6      | Found Faopn's Jewellery Shoppe.
  3757 | D:5      | Reached * piety under Trog
  3772 | D:5      | Reached skill level 12 in Maces & Flails
  3788 | D:5      | Reached skill level 1 in Stealth
  4250 | D:5      | Reached skill level 13 in Maces & Flails
  4677 | D:6      | Reached XP level 9. HP: 56/70 MP: 8/8
  4810 | D:6      | Reached ** piety under Trog
  5213 | D:7      | Reached skill level 14 in Maces & Flails
  5800 | D:7      | Found a staircase to the Ecumenical Temple.
  6298 | D:8      | Reached skill level 15 in Maces & Flails
  6322 | D:8      | Reached *** piety under Trog
  6516 | D:8      | Noticed a two-headed ogre
  6524 | D:8      | Killed a two-headed ogre
  6524 | D:8      | Reached skill level 16 in Maces & Flails
  6524 | D:8      | Reached XP level 10. HP: 29/78 MP: 9/9
  6855 | D:8      | Reached skill level 1 in Dodging
  7236 | D:9      | Reached **** piety under Trog
  7286 | D:9      | Reached skill level 5 in Armour
  7386 | D:9      | HP: 1/78 [orc priest/divine providence (15)]
  7388 | D:9      | Killed from afar by an orc priest

Skill      XL: |  1  2  3  4  5  6  7  8  9 10 |
---------------+-------------------------------+-----
Maces & Flails | 3 4 5 6 7 9 11 13 16 | 16.2
Stealth        | 1 |  1.3
Dodging        | 2 |  2.8
Armour         | 5 |  5.0
Shields        | 4 |  4.6
Fighting       | |  3.6

Action                   |  1- 3 |  4- 6 |  7- 9 | 10-12 || total
-------------------------+-------+-------+-------+-------++-------
Melee: Flail             |    71 |   149 |       |       ||   220
       Headbutt          |     8 |    30 |    40 |    23 ||   101
       Mace              |       |    48 |       |       ||    48
       Morningstar       |       |     7 |   243 |    98 ||   348
Invok: Berserk           |       |       |     1 |       ||     1
  Use: Scroll            |     4 |     3 |     9 |       ||    16
       Potion            |     2 |     3 |     5 |     1 ||    11
  Eat: Ration            |       |     3 |     4 |       ||     7
       Chunk             |       |       |     1 |       ||     1
Armor: Scale mail        |    37 |    74 |    49 |       ||   160
       Ring mail         |       |       |    25 |       ||    25
       Plate armour      |       |       |    13 |    38 ||    51
Dodge: Dodged            |    28 |    57 |    48 |     5 ||   138
Block: Shield            |    28 |   119 |   109 |    24 ||   280
